 Dungeon Crawl Stone Soup version 0.29-a0-717-g6dac4ea423 (webtiles) character file.

Game seed: 6745005890362465688

2 blackman the Sneak (level 1, -1/18 HPs)
             Began as a Human Delver on June 26, 2022.
             Killed from afar by a white imp (4 damage)
             ... with a puff of frost
             ... on level 6 of the Dungeon.
             The game lasted 00:00:28 (59 turns).

blackman the Sneak (Human Delver)                     Turns: 59, Time: 00:00:29

Health: -1/18      AC:  3    Str: 12    XL:     1   Next: 33%
Magic:  1/1        EV: 12    Int: 10    God:
Gold:   12         SH:  0    Dex: 14    Spells: 0/0 levels left

rFire   . . .      SeeInvis .   a - +0 hand axe
rCold   . . .      Faith    .   (no shield)
rNeg    . . .      Spirit   .   b - +0 leather armour
rPois   .          Reflect  .   (no helmet)
rElec   .          Harm     .   (no cloak)
rCorr   .          Rampage  .   (no gloves)
Will    .....                   (no boots)
Stlth   +++.......              (no amulet)
HPRegen 0.06/turn               (no ring)
MPRegen 0.07/turn               (no ring)

@: no status effects
A: no striking features
a: no special abilities


You were on level 6 of the Dungeon.
You visited 1 branch of the dungeon, and saw 2 of its levels.

You collected 12 gold pieces.

Inventory:

Hand Weapons
 a - a +0 hand axe (weapon)
Armour
 b - a +0 leather armour (worn)
Wands
 g - a wand of digging (3)
Scrolls
 c - a scroll of fog
 d - a scroll of identify {unknown}
 e - a scroll of fear
Potions
 f - a potion of haste


   Skills:
 - Level 3.0 Fighting
 + Level 2.2 Axes
 - Level 2.0 Dodging
 - Level 5.0 Stealth


You couldn't memorise any spells.
You didn't know any spells.
Your spell library was empty.

Dungeon Overview and Level Annotations

Branches:
Dungeon (6/15)
 Temple: D:4-7

Altars:

Annotations:
D:5 1 transporter


Message History

Found 16 gold pieces.
Found a scroll labelled CERAAS CAUPP.
Found a stone staircase leading down.
d - a scroll labelled CERAAS CAUPP
There is a stone staircase leading down here.
You climb downwards.
There is a stone staircase leading up here.
The helpless orc fails to defend itself.
You hit the orc.
The orc is lightly wounded.
The orc barely misses you.
You slash the orc!
You kill the orc!
You see here a +0 club.
Found 12 gold pieces.
Found a stone staircase leading up and a stone staircase leading down.
You now have 12 gold pieces.
There are no items here.
An orc and a white imp come into view.
Found a rapier.
The orc shouts!
The white imp shouts!
You hit the white imp.
The white imp is heavily wounded.
The white imp hits you. The white imp freezes you.
You closely miss the white imp.
The white imp is heavily wounded.
A scorpion comes into view.
The white imp hits you. The white imp freezes you.
You barely miss the white imp.
The white imp is heavily wounded.
You hit the orc but do no damage. The orc hits you with a +0 falchion.
* * * LOW HITPOINT WARNING * * *
The white imp gestures at you. The puff of frost misses you.
You closely miss the white imp.
The white imp is heavily wounded.
You hit the orc. The orc barely misses you. The white imp barely misses you.
The orc barely misses you. The white imp gestures at you.
The puff of frost hits you.
You die...

###.##..........#
.............###.##
#.######...........
#.....###.#
#.....###.#
###.......#
#####.### #######.#
)..s..5@# .#####o<#
#.># #..# ....
....# ....# ##.#.#


You could see a scorpion, a white imp and an orc.

Vanquished Creatures
  An orc (D:6)
1 creature vanquished.

Notes
Turn   | Place    | Note
-------+----------+-------------------------------------------
     0 | D:5      | blackman the Human Delver began the quest for the Orb.
     0 | D:5      | Reached XP level 1. HP: 18/18 MP: 1/1
     0 | D:5      | Noticed an electric eel
    57 | D:6      | Noticed a scorpion
    59 | D:6      | Killed from afar by a white imp

Illustrated notes

Levels and vault maps discovered:
D:5:      gammafunk_steamed_eel, layout_loops_ring, uniq_edmund
D:6:      layout_loops_cross, mainiacjoe_overflow_alcove_2,
          minmay_temple_entry_tees

Action                   || total
-------------------------++-------
Melee: Hand axe          ||     6
  Use: Scroll            ||     1
 Stab: Sleeping          ||     1
Dodge: Dodged            ||     5

Table legend: (Time is in decaauts)
 A = Elapsed time spent in this place.
 B = Non-inter-level travel time spent in this place.
 C = Inter-level travel time spent in this place.
 D = Time resting spent in this place.
 E = Time spent auto-exploring this place.
 F = Levels seen in this place.
 G = Mean time per level.
                   A        B        C        D        E       F      G
               +--------+--------+--------+--------+--------+-----+--------+
         Total |     59 |     36 |     23 |      0 |      0 |   2 |   29.5 |
       Dungeon |     59 |     36 |     23 |      0 |      0 |   2 |   29.5 |
               +--------+--------+--------+--------+--------+-----+--------+

Top non-repeatable levels by time:
     D:6: 32 daAuts
     D:5: 27 daAuts
